 Dungeon Crawl Stone Soup version 0.29-a0-337-g68df138881 (webtiles) character file.

Game seed: 5154715385214686961

102 spaghetti the Skirmisher (level 4, -2/42 HPs)
             Began as a Deep Dwarf Transmuter on Apr 17, 2022.
             Was a Believer of Lugonu.
             Slain by an orc priest
             ... wielding a +0 mace
              (6 damage)
             ... on level 3 of the Dungeon.
             The game lasted 00:04:53 (1888 turns).

spaghetti the Skirmisher (Deep Dwarf Transmuter)    Turns: 1888, Time: 00:04:53

Health: -2/42      AC:  2    Str: 13    XL:     4   Next: 50%
Magic:  3/5        EV: 12    Int: 16    God:    Lugonu [**....]
Gold:   70         SH:  0    Dex: 13    Spells: 0/6 levels left

rFire   . . .      SeeInvis .   j - +0 dagger {short}
rCold   . . .      Faith    .   (no shield)
rNeg    . . .      Spirit   .   a - +0 robe
rPois   .          Reflect  .   (no helmet)
rElec   .          Harm     .   (no cloak)
rCorr   .          Rampage  .   (no gloves)
Will    .....                   (no boots)
Stlth   ++........              (no amulet)
HPRegen 0.00/turn               (no ring)
MPRegen 0.09/turn               (no ring)

@: no status effects
A: damage resistance, heal wounds, sense surroundings 1, no regeneration
a: Heal Wounds, Renounce Religion, Depart the Abyss, Bend Space


You were on level 3 of the Dungeon.
You worshipped Lugonu.
Lugonu was pleased with you.
You visited 1 branch of the dungeon, and saw 3 of its levels.

You collected 70 gold pieces.


Innate Abilities, Weirdness & Mutations

You are resistant to damage.
You can heal yourself by infusing magical energy.
You passively map a small area around you.
You do not regenerate.


   Skills:
 + Level 3.2 Fighting
 - Level 2.1 Dodging
 * Level 2.8 Stealth
 - Level 2.6 Unarmed Combat
 - Level 1.7 Spellcasting
 + Level 1.9 Transmutations
 + Level 0.3 Poison Magic


You couldn't memorise any spells.
You knew the following spells:

 Your Spells              Type           Power      Damage    Failure   Level
a - Beastly Appendage     Tmut           14%        N/A       10%         1
b - Wereblood             Tmut           7%         N/A       14%         2
c - Spider Form           Tmut/Pois      5%         N/A       36%         3

Your spell library contained the following spells:

 Spells                   Type           Power      Damage    Failure   Level
 Ice Form                 Ice/Tmut       4%         N/A       82%         4

Inventory:

Hand Weapons
 c - a +0 club {mace}
   (You took it off a goblin on level 1 of the Dungeon)
 d - a +0 club {mace}
   (You found it on level 1 of the Dungeon)
 e - a +0 dagger {short}
   (You took it off a goblin on level 1 of the Dungeon)
 g - a +0 hunting sling {sling}
   (You found it on level 1 of the Dungeon)
 j - a +0 dagger (weapon) {short}
   (You took it off a goblin on level 1 of the Dungeon)
Missiles
 l - 40 stones {throwing}
Armour
 a - a +0 robe (worn)
Scrolls
 h - a scroll of summoning {unknown}
 i - 2 scrolls of identify {unknown}
 k - a scroll of fear {unknown}
 m - a scroll of enchant armour {unknown}
 n - a scroll of teleportation {unknown}
 p - a scroll of blinking {unknown}
 r - a scroll of amnesia {unknown}
Potions
 b - a potion of lignification {!q}
 f - 2 potions of berserk rage {unknown}
 o - 2 potions of degeneration {unknown}
 q - a potion of brilliance {unknown}

Dungeon Overview and Level Annotations

Branches:
Dungeon (3/15)

Altars:
Lugonu

*
.............
≈≈≈≈≈≈....≈≈
≈≈≈≈≈....≈≈ ≈
≈≈≈≈....≈≈ , .
, ....... , ,
,, ,..., ,.hh.
, ,
..#..###o#####
, ,
......)@o....#
.##...##...#?#
,,
#...........#
, ,
#.......#...#
*
,##....#.#.†.#
* .......#...#
, ####....<..#
#.......# * ,
, #.#.....#,*


You could see an orc priest, an orc and 2 jackals.


Message History

The orc barely misses you.
The jackal closely misses you. 😮 HP[+21]
You regained 21 hp, and now have 28/42 hp.
Unknown command.
You closely miss the jackal. You claw the jackal.
The jackal closely misses you. The orc priest hits you with a +0 mace!
The orc closely misses you. 😮 HP[-5]
You take 5 damage, and now have 23/42 hp.
You closely miss the jackal.
The jackal bites you but does no damage.
The orc priest barely misses you. The orc barely misses you.
The jackal barely misses you.
Your magical contamination has completely faded away.
You hit the jackal.
You feel a bit better.
You kill the jackal!
Lugonu accepts your kill.
The orc priest looks braver for a moment.
The orc hits you with a +0 club. 😮 HP[+3]
You regained 3 hp, and now have 26/42 hp.
You closely miss the orc priest. Your kick misses the orc priest.
The orc priest hits you with a +0 mace. The orc closely misses you. 😮 HP[-2]
You take 2 damage, and now have 24/42 hp.
You hit the orc priest.
You claw the orc priest, but do no damage.
The orc priest hits you with a +0 mace.
* * * LOW HITPOINT WARNING * * *
The orc misses you. 😨 HP[-3]
You take 3 damage, and now have 21/42 hp.
You hit the orc priest. You claw the orc priest.
Your horns disappear.
Your talons disappear.
The orc priest closely misses you. The orc hits you with a +0 club.
* * * LOW HITPOINT WARNING * * *
😨 HP[-2]
You take 2 damage, and now have 19/42 hp.
You hit the orc priest.
You howl as the wereblood boils in your veins!
The orc priest barely misses you.
The orc hits you with a +0 club. 😨 MP[+1]
You hit the orc priest.
You howl as the wereblood boils in your veins!
The orc priest closely misses you. The orc hits you with a +0 club.
You closely miss the orc priest. The orc priest closely misses you.
The orc closely misses you.
You hit the orc priest but do no damage.
The orc priest hits you with a +0 mace.
* * * LOW HITPOINT WARNING * * *
The orc hits you with a +0 club. 😨 HP[-3]
You take 3 damage, and now have 16/42 hp.
You hit the orc priest but do no damage.
The orc priest closely misses you. The orc closely misses you.
Unknown command.
Casting: Wereblood (safe; 14% risk of failure)
Confirm with . or Enter, or press ? or * to list all spells.
You don't have enough magic to cast this spell.
You hit the orc priest.
Your primal bloodlust is almost over.
The orc priest misses you. The orc hits you with a +0 club.
* * * LOW HITPOINT WARNING * * *
😨 HP[-4]
You take 4 damage, and now have 12/42 hp.
Unknown command.
You hit the orc priest but do no damage.
The orc priest misses you. The orc hits you with a +0 club.
Your magical essence is drained by the effort!
You feel much better. The orc priest hits you with a +0 mace.
The orc barely misses you. 😮 HP[+16]
You regained 16 hp, and now have 28/42 hp.
Unknown command.
You hit the orc priest.
The orc priest calls down the wrath of Beogh upon you.
Beogh smites you!
* * * LOW HITPOINT WARNING * * *
The orc hits you with a +0 club.
* * * LOW HITPOINT WARNING * * *
😨 HP[-13]
You take 13 damage, and now have 15/42 hp.
MASSIVE DAMAGE!! (PAUSE)
You completely miss the orc priest.
You punch the orc priest, but do no damage.
The orc priest closely misses you. The orc barely misses you.
You barely miss the orc priest.
The orc priest calls down the wrath of Beogh upon you.
Beogh smites you!
* * * LOW HITPOINT WARNING * * *
The orc closely misses you. 😱 HP[-11] MP[+1]
You take 11 damage, and now have 4/42 hp.
MASSIVE DAMAGE!! (PAUSE)
You fail to use your ability.
You howl as the wereblood boils in your veins!
Your primal bloodlust has ended.
You hear a shout!
The orc priest hits you with a +0 mace!
You die...

Skill      XL: |  1  2  3 |
---------------+----------+-----
Fighting       | 1 2 3 |  3.2
Stealth        | 2 |  2.8
Dodging        | |  2.1
Unarmed Combat | |  2.6
Spellcasting   | |  1.7
Transmutations | |  1.9
Poison Magic   | |  0.3

Action                   |  1- 3 |  4- 6 || total
-------------------------+-------+-------++-------
Melee: Unarmed           |    58 |       ||    58
       Headbutt          |    16 |     5 ||    21
       Kick              |    16 |    10 ||    26
       Dagger            |    53 |    83 ||   136
       Punch             |     4 |     6 ||    10
 Cast: Beastly Appendage |    15 |     7 ||    22
       Wereblood         |     7 |     7 ||    14
 Abil: Heal Wounds       |       |     2 ||     2
 Stab: Sleeping          |       |     2 ||     2
Armor: Robe              |    37 |    17 ||    54
Dodge: Dodged            |   106 |    89 ||   195

Levels and vault maps discovered:
D:1:      dpeg_arrival_pits, layout_rooms, serial_glass, glass_columns_b,
          glass_columns_c, chequers_ecumenical_altar_grove
D:2:      layout_loops_corners
D:3:      lemuel_castle_with_subvaults [lemuel_castle_interior_carwin_2],
          layout_basic, uniq_jessica, uniq_terence, uniq_grinder

Notes
Turn   | Place    | Note
-------+----------+-------------------------------------------
     0 | D:1      | spaghetti the Deep Dwarf Transmuter began the quest for the
                  | Orb.
     0 | D:1      | Reached XP level 1. HP: 16/16 MP: 3/3
     0 | D:1      | magus.rc [v1.9.6]
    20 | D:1      | Reached skill level 1 in Fighting
    39 | D:1      | Reached XP level 2. HP: 24/26 MP: 1/4
   104 | D:1      | Reached skill level 2 in Fighting
   108 | D:1      | Learned a level 2 spell: Wereblood
   322 | D:1      | Reached XP level 3. HP: 26/33 MP: 3/5
   379 | D:1      | Found a faded altar of an unknown god.
   382 | D:1      | Prayed at the altar of an unknown god.
   382 | D:1      | Became a worshipper of Lugonu the Unformed
   382 | D:1      | Reached * piety under Lugonu
   382 | D:1      | Reached ** piety under Lugonu
   674 | D:1      | Reached skill level 1 in Stealth
   775 | D:2      | Reached skill level 3 in Fighting
   865 | D:2      | Reached skill level 2 in Stealth
   925 | D:2      | Reached XP level 4. HP: 42/42 MP: 6/6
  1011 | D:2      | Learned a level 3 spell: Spider Form
  1868 | D:3      | HP: 10/42 [orc/+0 falchion (2)]
  1868 | D:3      | HP: 4/42 [orc/+0 club (2)]
  1887 | D:3      | HP: 4/42 [orc priest/divine providence (11)]
  1888 | D:3      | Slain by an orc priest

Vanquished Creatures
  2 adders (D:2)
  A gnoll (D:3)
  3 dart slugs
  2 orcs (D:3)
  6 ball pythons
  6 bats
  5 endoplasms
  7 giant cockroaches
  4 goblins
  2 hobgoblins (D:1)
  9 jackals
  3 kobolds (D:1)
  2 frilled lizards
  6 rats
58 creatures vanquished.

Table legend:
 A = Non-vault XP
 B = Vault XP
 C = Vault XP percentage of total XP
 D = Non-vault monster count
 E = Vault monster count
 F = Vault count percentage of total count
                 A         B        C        D         E       F
            +---------+---------+-------+---------+---------+-------
      Total |     129 |      18 |  12.2 |      55 |       3 |   5.2
            +---------+---------+-------+---------+---------+-------
        D:1 |      63 |       0 |   0.0 |      33 |       0 |   0.0
        D:2 |      56 |       0 |   0.0 |      18 |       0 |   0.0
        D:3 |      10 |      18 |  64.3 |       4 |       3 |  42.9
            +---------+---------+-------+---------+---------+-------

Illustrated notes

Table legend:
 A = Kills in this place as a percentage of kills in entire the game.
 B = Kills by you in this place as a percentage of kills by you in the entire game.
 C = Kills by friends in this place as a percentage of kills by friends in the entire game.
 D = Other kills in this place as a percentage of other kills in the entire game.
 E = Experience gained in this place as a percentage of experience gained in the entire game.
 F = Experience gained in this place divided by the number of levels of this place that you have seen.
                   A       B       C       D       E      F
               +-------+-------+-------+-------+-------+----------------------
         Total | 100.0 | 100.0 |   N/A |   N/A | 100.0 |  49.0
       Dungeon | 100.0 | 100.0 |   N/A |   N/A | 100.0 |  49.0
               +-------+-------+-------+-------+-------+----------------------

Table legend: (Time is in decaauts)
 A = Elapsed time spent in this place.
 B = Non-inter-level travel time spent in this place.
 C = Inter-level travel time spent in this place.
 D = Time resting spent in this place.
 E = Time spent auto-exploring this place.
 F = Levels seen in this place.
 G = Mean time per level.
                   A        B        C        D        E       F      G
               +--------+--------+--------+--------+--------+-----+--------+
         Total |   1883 |   1807 |     76 |      0 |   1387 |   3 |  627.7 |
       Dungeon |   1883 |   1807 |     76 |      0 |   1387 |   3 |  627.7 |
               +--------+--------+--------+--------+--------+-----+--------+

Top non-repeatable levels by time:
     D:2: 1069 daAuts
     D:1: 763 daAuts
     D:3: 50 daAuts
